 Dungeon Crawl Stone Soup version 0.26.1-11-gd32895ea62 (webtiles) character file.

Game seed: 10106737056950835118

20407 Almogavar the Cleaver (level 12, -2/165 HPs)
             Began as a Hill Orc Fighter on Apr 29, 2021.
             Was a High Priest of Okawaru.
             Slain by Saint Roka
             ... wielding a +1 great sword of holy wrath
              (24 damage)
             ... on level 2 of the Orcish Mines.
             The game lasted 00:49:04 (16567 turns).

Almogavar the Cleaver (Hill Orc Fighter)           Turns: 16567, Time: 00:49:05

Health: -2/165     AC: 19    Str: 24    XL:     12   Next: 79%
Magic:  0/15       EV: 12    Int: 14    God:    Okawaru [*****.]
Gold:   1388       SH: 12    Dex: 10    Spells: 11/11 levels left

rFire    . . .     SeeInvis .   q - +0 hand axe (venom)
rCold    . . .     Faith    .   c - +0 kite shield
rNeg     . . .     Spirit   +   H - +2 swamp dragon scales
rPois    +         Reflect  .   S - +0 helmet (curse)
rElec    .         Harm     .   f - +0 cloak
rCorr    .         Rampage  .   Y - +0 pair of gloves
Will     .....                  k - +2 pair of boots {Stlth+}
Stlth    ..........             g - amulet of guardian spirit
HPRegen  0.37/turn              O - +6 ring of intelligence
MPRegen  0.14/turn              R - ring of wizardry

@: mighty, berserking, very quick
A: no striking features
a: Renounce Religion, Convert to Beogh, Heroism, Finesse


You were on level 2 of the Orcish Mines.
You worshipped Okawaru.
Okawaru was extremely pleased with you.
You visited 2 branches of the dungeon, and saw 12 of its levels.
You also visited: Sewer and Ossuary.

You collected 1388 gold pieces.

Inventory:

Hand Weapons
 q - a +0 hand axe of venom (weapon)
 t - a +0 war axe of flaming
 u - a +4 whip of holy wrath
Missiles
 a - 2 boomerangs of dispersal
 l - 7 silver javelins
 x - 2 atropa-tipped darts
 E - 3 curare-tipped darts
 P - 5 silver boomerangs (quivered)
 T - 18 boomerangs
Armour
 c - a +0 kite shield (worn)
 f - a +0 cloak (worn)
 k - a +2 pair of boots of stealth (worn)
 H - +2 swamp dragon scales (worn)
 S - a cursed +0 helmet (worn)
 V - a +2 chain mail of fire resistance
 Y - a +0 pair of gloves (worn)
 Z - a +3 plate armour
Jewellery
 e - an uncursed amulet of regeneration
 g - an amulet of guardian spirit (around neck)
 v - an uncursed ring of ice
 N - an uncursed ring of flight
 O - a +6 ring of intelligence (left hand)
 R - a ring of wizardry (right hand)
 W - an uncursed amulet of the acrobat
Wands
 j - a wand of flame (15)
 w - a wand of digging (4)
 B - a wand of enslavement (12)
 L - a wand of iceblast (22)
 Q - a wand of disintegration (33)
Scrolls
 b - 9 scrolls of teleportation
 m - 2 scrolls of fear
 n - a scroll of fog
 r - 3 scrolls of blinking
 y - 3 scrolls of noise {unknown}
 C - 4 scrolls of enchant armour
 F - 3 scrolls of enchant weapon {unknown}
 J - 4 scrolls of magic mapping
 K - 3 scrolls of amnesia {unknown}
 M - 3 scrolls of remove curse
 U - a scroll of acquirement {unknown}
Potions
 d - 2 potions of might
 h - a potion of berserk rage
 i - a potion of invisibility
 o - 15 potions of curing
 z - 4 potions of heal wounds
 A - 3 potions of flight {unknown}
 D - a potion of degeneration {unknown}
 G - 4 potions of haste
 I - a potion of cancellation {unknown}
 X - a potion of magic
Miscellaneous
 p - a phial of floods


   Skills:
 + Level 11.2 Fighting
 - Level 14.0 Axes
 + Level 7.3 Throwing
 + Level 8.4 Armour
 + Level 4.5 Dodging
 - Level 0.1 Stealth
 + Level 10.4 Shields
 + Level 4.0 Invocations


You had 11 spell levels left.
You didn't know any spells.
Your spell library contained the following spells:

 Spells                   Type           Power        Failure   Level
 Animate Skeleton         Necr           0%           28%         1
 Beastly Appendage        Tmut           0%           28%         1
 Corona                   Hex            0%           28%         1
 Pain                     Necr           0%           28%         1
 Shock                    Conj/Air       0%           28%         1
 Ensorcelled Hibernation  Hex/Ice        0%           41%         2
 Swiftness                Air            0%           41%         2
 Wereblood                Tmut           0%           41%         2
 Confusing Touch          Hex            0%           63%         3
 Dazzling Flash           Conj/Hex       0%           63%         3
 Spider Form              Tmut/Pois      0%           63%         3
 Static Discharge         Conj/Air       0%           63%         3
 Tukima's Dance           Hex            0%           63%         3
 Vampiric Draining        Necr           0%           63%         3
 Airstrike                Air            0%           95%         4
 Animate Dead             Necr           0%           95%         4
 Ice Form                 Ice/Tmut       0%           95%         4
 Agony                    Necr           0%           100%        5
 Blade Hands              Tmut           0%           100%        5
 Lightning Bolt           Conj/Air       0%           100%        5


Dungeon Overview and Level Annotations

Branches:
Dungeon (10/15)            Temple (0/1) D:5            Lair (0/6) D:10
    Orc (2/2) D:10            Elf (0/3) Orc:2         Sewer (visited)
Ossuary (visited)

Altars:
Dithmenos
Okawaru
Beogh

Shops:
D:6 [

Annotations:
Orc:2 Saint Roka


Message History

Saint Roka is severely wounded.
Saint Roka shouts, "Beogh is our master!
Accept the truth or die!"
You hit Saint Roka.
Saint Roka looks as sick as possible!
Saint Roka shouts, "Surrender to Beogh and we'll let you live!"
Saint Roka is severely wounded.
Saint Roka shouts, "Surrender to Beogh and we'll let you live!"
Saint Roka hits you with a +1 great sword of holy wrath!
* * * LOW HITPOINT WARNING * * *
You hit Saint Roka but do no damage.
Saint Roka looks as sick as possible!
Saint Roka is severely wounded.
Unknown command.
You slash Saint Roka!
Saint Roka looks as sick as possible!
Saint Roka shouts, "Surrender to Beogh and we'll let you live!"
Saint Roka is severely wounded.
Saint Roka shouts, "Beogh is our master!
Accept the truth or die!"
Unknown command.
You hit Saint Roka but do no damage.
Saint Roka looks as sick as possible!
Saint Roka is severely wounded.
Saint Roka hits you with a +1 great sword of holy wrath!!
You die...

#...#######.###...........##
.....#<##....###...........###
#.............#............#.##
###..........#.........#......#
##......................)..#.#..
#...............................
................................
#..............o).........#.....
................@...............
...............)[[[............#
...............................#
.#...#..........<#............##
.##.##........................#
.....#.....................#.##
....................#.....#
..#..........#.......#....
.#.....#..................


You could see Saint Roka (extremely poisoned).

Vanquished Creatures
  The ghost of destino the Black Belt, a journeyman DgTm (Orc:1)
  A stone giant (Orc:2)
  2 two-headed ogres
  2 orc high priests (Orc:1)
  Pikel (D:7)
  3 orc knights
  2 orc sorcerers (Orc:2)
  A cyclops (Orc:1)
  A moth of wrath (Orc:1)
  Maggie (D:8)
  A troll (Orc:1)
  Grinder (D:5)
  A wraith (Ossuary)
  4 wyverns (D:10)
  Eustachio (D:5)
  10 yaks (D:9)
  8 wargs
  Menkaure (D:5)
  Edmund (D:4)
  5 water moccasins
  2 ice beasts (D:8)
  27 orc warriors
  4 sky beasts
  A phantom (D:9)
  2 black bears
  The ghost of Sackgasse the Chopper, an amateur MiBe of Trog (D:5)
  9 ogres
  3 wolves (D:10)
  A lemure (D:7)
  6 centaurs
  2 big kobolds (Sewer)
  7 bullfrogs
  5 scorpions
  A howler monkey (D:7)
  3 centaur zombies
  2 lava snakes (D:10)
  A quasit (D:6)
  A hound (D:6)
  23 orc priests
  4 jellies
  3 iguanas
  25 orc wizards
  7 worker ants
  A killer bee zombie (D:8)
  3 hound zombies
  A hound skeleton (D:8)
  A mummy (Ossuary)
  2 howler monkey skeletons
  9 adders
  2 shadow imps
  2 white imps
  2 ufetubi
  10 oozes
  3 worms (D:2)
  6 leopard geckos
  77 orcs
  4 ball pythons
  8 giant cockroaches
  9 goblins
  10 hobgoblins
  17 jackals
  4 quokkas
  12 bats
  13 frilled lizards
  8 gnoll skeletons (Ossuary)
  30 kobolds
  8 kobold skeletons (Ossuary)
  9 orc skeletons (Ossuary)
  7 rats
446 creatures vanquished.

Vanquished Creatures (others)
  5 fungi
  7 plants
  9 toadstools (D:3)
21 creatures vanquished.

Grand Total: 467 creatures vanquished

Notes
Turn   | Place    | Note
-------+----------+-------------------------------------------
     0 | D:1      | Almogavar the Hill Orc Fighter began the quest for the Orb.
     0 | D:1      | Reached XP level 1. HP: 19/19 MP: 1/1
   281 | D:1      | Reached XP level 2. HP: 27/27 MP: 2/2
   543 | D:1      | Reached skill level 3 in Axes
   679 | D:1      | Reached XP level 3. HP: 33/33 MP: 3/3
  1015 | D:2      | Reached skill level 4 in Axes
  1015 | D:2      | Reached XP level 4. HP: 37/40 MP: 4/4
  1489 | D:2      | Found an iron altar of Okawaru.
  1496 | D:2      | Became a worshipper of Warmaster Okawaru
  1701 | D:3      | Found an iron altar of Okawaru.
  1719 | D:3      | Reached skill level 5 in Axes
  1796 | D:3      | Reached XP level 5. HP: 34/46 MP: 5/5
  1931 | D:3      | Reached skill level 6 in Axes
  1931 | D:3      | Reached XP level 6. HP: 25/52 MP: 6/6
  2682 | D:4      | Found a glowing drain.
  2712 | Sewer    | Entered a sewer
  2898 | Sewer    | Reached * piety under Okawaru
  2899 | Sewer    | Reached skill level 7 in Axes
  2899 | Sewer    | Reached skill level 5 in Shields
  2899 | Sewer    | Reached XP level 7. HP: 55/60 MP: 7/7
  3649 | D:4      | Noticed Edmund
  3659 | D:4      | Killed Edmund
  3660 | D:4      | Reached skill level 8 in Axes
  3660 | D:4      | Reached skill level 1 in Dodging
  3899 | D:5      | Entered Level 5 of the Dungeon
  3921 | D:5      | Found a runed translucent door.
  3932 | D:5      | Reached skill level 5 in Fighting
  3935 | D:5      | You fall into a shaft and drop 3 floors!
  4028 | D:8      | Reached XP level 8. HP: 68/68 MP: 8/8
  4041 | D:8      | Reached ** piety under Okawaru
  4158 | D:8      | Noticed Maggie
  4173 | D:8      | Killed Maggie
  4174 | D:8      | Reached skill level 9 in Axes
  4327 | D:8      | Reached skill level 5 in Armour
  4425 | D:8      | Reached skill level 1 in Invocations
  4433 | D:8      | Reached skill level 10 in Axes
  4700 | D:7      | Reached skill level 1 in Throwing
  4700 | D:7      | Reached XP level 9. HP: 77/77 MP: 10/10
  4967 | D:6      | Found a shadowy altar of Dithmenos.
  5052 | D:6      | Found a sand-covered staircase.
  5056 | Ossuary  | Entered an ossuary
  5392 | D:5      | Reached *** piety under Okawaru
  5393 | D:5      | Reached skill level 11 in Axes
  5468 | D:5      | Noticed Eustachio
  5471 | D:5      | Noticed Grinder
  5485 | D:5      | Killed Eustachio
  5486 | D:5      | Paralysed by Grinder for 4 turns
  5493 | D:5      | Killed Grinder
  5575 | D:5      | Noticed Sackgasse's ghost (amateur MiBe)
  5581 | D:5      | Noticed Menkaure
  5590 | D:5      | Killed Menkaure
  6313 | D:5      | Found a staircase to the Ecumenical Temple.
  6534 | D:5      | Killed Sackgasse's ghost
  6535 | D:5      | Reached skill level 12 in Axes
  6810 | D:6      | Found Zaimunne's Armour Emporium.
  6889 | D:6      | Reached XP level 10. HP: 83/88 MP: 9/11
  7652 | D:7      | Reached **** piety under Okawaru
  8625 | D:7      | Noticed Pikel
  8649 | D:7      | Killed Pikel
  9065 | D:8      | Noticed a two-headed ogre
  9106 | D:7      | Killed a two-headed ogre
  9107 | D:7      | Reached skill level 13 in Axes
  9564 | D:8      | Found a roughly hewn altar of Beogh.
  9911 | D:9      | Reached ***** piety under Okawaru
  9930 | D:9      | Reached XP level 11. HP: 60/95 MP: 7/13
 11073 | D:10     | Entered Level 10 of the Dungeon
 11081 | D:10     | Reached skill level 14 in Axes
 11088 | D:10     | Received a gift from Okawaru
 11396 | D:10     | Received a gift from Okawaru
 11536 | D:10     | Found a staircase to the Lair.
 11636 | D:10     | Noticed a two-headed ogre
 11661 | D:10     | Killed a two-headed ogre
 11771 | D:10     | Reached skill level 10 in Fighting
 12145 | D:10     | Found a staircase to the Orcish Mines.
 12433 | D:10     | Found a roughly hewn altar of Beogh.
 12618 | Orc:1    | Entered Level 1 of the Orcish Mines
 12618 | Orc:1    | Noticed an orc knight
 12646 | D:10     | Killed an orc knight
 12646 | D:10     | Received a gift from Okawaru
 12851 | Orc:1    | Noticed destino's ghost (journeyman DgTm)
 13066 | Orc:1    | Noticed a cyclops
 13068 | Orc:1    | Noticed an orc high priest
 13073 | Orc:1    | Noticed a moth of wrath
 13076 | Orc:1    | Noticed a sun demon
 13085 | Orc:1    | Killed an orc high priest
 13086 | Orc:1    | Reached skill level 5 in Throwing
 13094 | Orc:1    | Killed a cyclops
 13095 | Orc:1    | Reached XP level 12. HP: 86/107 MP: 10/14
 13362 | Orc:1    | Found a transporter.
 13383 | Orc:1    | Noticed an orc high priest
 13400 | Orc:1    | Noticed a soul eater
 13415 | Orc:1    | Killed an orc high priest
 13816 | Orc:1    | Found a transporter.
 13844 | Orc:1    | Found a roughly hewn altar of Beogh.
 14067 | Orc:1    | Killed destino's ghost
 14068 | Orc:1    | Reached skill level 10 in Shields
 14534 | Orc:2    | Entered Level 2 of the Orcish Mines
 14726 | Orc:2    | Found a staircase to the Elven Halls.
 14809 | Orc:2    | Noticed a stone giant
 15043 | Orc:2    | Killed a stone giant
 15792 | Orc:2    | Noticed Saint Roka
 16567 | Orc:2    | Slain by Saint Roka

Illustrated notes

Levels and vault maps discovered:
D:1:      lemuel_arrival_tunnels, layout_basic, minmay_tetromino_i4
D:2:      layout_basic, grunt_ministairs_15, okawaru_metal_pillars_3
D:3:      cheibrodos_fertilizer, layout_basic, lemuel_crystal_altar
D:4:      layout_loops_corners, gup_sewer_entry_glass, uniq_edmund
D:5:      layout_rooms, minmay_temple_entry_gardened_gates,
          hellmonk_ghost_happy_afterlife, corner_web_ring, uniq_grinder,
          uniq_eustachio, uniq_menkaure
D:6:      layout_basic, enter_ossuary_5, serial_shops,
          nicolae_shop_window_shopping, nicolae_dithmenos_the_darkroom
D:7:      layout_basic, uniq_pikel
D:8:      layout_gridville, special_room [special_room_orc],
          kennysheep_generic_room_16, uniq_maggie
D:9:      layout_stronghold, minivault_26, chequers_serial_rivers_room_b
D:10:     layout_big_octagon, minmay_lair_entry_grove,
          minmay_orc_entry_temple_small
Orc:1:    layout_caves, gammafunk_ghost_berserking_beasts, bh_open_orc_temple
Orc:2:    grunt_orc_cross, layout_caves

Skill      XL: |  1  2  3  4  5  6  7  8  9 10 11 12 |
---------------+-------------------------------------+-----
Axes           | 3 4 5 6 7 8 10 12 13 14 | 14.0
Shields        | 4 5 6 8 9 10 | 10.4
Fighting       | 4 5 6 7 8 10 11 | 11.2
Armour         | 4 5 7 8 |  8.4
Dodging        | 1 2 3 4 |  4.5
Invocations    | 1 2 3 4 |  4.0
Throwing       | 1 2 5 7 |  7.3
Stealth        | |  0.1

Action                   |  1- 3 |  4- 6 |  7- 9 | 10-12 || total
-------------------------+-------+-------+-------+-------++-------
Melee: War axe           |    91 |   233 |   313 |    73 ||   710
       Hand axe          |       |       |       |   911 ||   911
Throw: Dart              |       |       |    24 |   200 ||   224
       Boomerang         |       |       |       |    11 ||    11
Invok: Heroism           |       |       |     4 |    13 ||    17
       Finesse           |       |       |       |     2 ||     2
  Use: Scroll            |       |     9 |     5 |     8 ||    22
       Potion            |       |       |       |     3 ||     3
Armor: Scale mail        |    49 |    39 |       |       ||    88
       Chain mail        |       |    94 |    36 |       ||   130
       Swamp dragon scal |       |       |    88 |   205 ||   293
Dodge: Dodged            |    38 |    74 |   106 |   219 ||   437
Block: Kite shield       |    47 |   131 |   137 |   420 ||   735
